 Dungeon Crawl Stone Soup version 0.25-a0-713-g4845790874 (webtiles) character file.

Game seed: 13652493530248650747, levelgen mode: deterministic

3637 Ganelos the Geomancer (level 10, -5/58 HPs)
             Began as a Gargoyle Earth Elementalist on Apr 5, 2020.
             Was a Believer of Vehumet.
             Splashed by a centaur's acid (13 damage)
             ... on level 7 of the Dungeon.
             The game lasted 00:21:21 (7718 turns).

Ganelos the Geomancer (Gargoyle Earth Elementalist) Turns: 7718, Time: 00:21:22

Health: -5/58      AC:  3    Str: 13    XL:     10   Next: 11%
Magic:  16/19      EV: 13    Int: 18    God:    Vehumet [**....]
Gold:   95         SH:  0    Dex: 10    Spells: 12/21 levels left

rFire    . . .     SeeInvis .   v - +0 dagger (venom)
rCold    . . .     Gourm    +   (no shield)
rNeg     + . .     Faith    .   w - +2 robe {MR+}
rPois    ∞         Spirit   .   (no helmet)
rElec    +         Reflect  .   (no cloak)
rCorr    .         Harm     .   (no gloves)
MR       +....                  (no boots)
Stlth    +.........             h - amulet of the gourmand
HPRegen  0.19/turn              o - ring of wizardry
MPRegen  0.16/turn              A - ring of attention (curse)

@: corroded
A: hooves 1, negative energy resistance 1, electricity resistance, unbreathing,
petrification resistance, rot immunity, sturdy frame 1, AC +7
a: Renounce Religion


You were on level 7 of the Dungeon.
You worshipped Vehumet.
Vehumet was pleased with you.
You were completely stuffed.

You visited 2 branches of the dungeon, and saw 8 of its levels.
You also visited: Sewer.

You collected 327 gold pieces.
You spent 232 gold pieces at shops.

Inventory:

Hand Weapons
 a - a cursed -3 mace
 c - a +0 flail
 k - a +1 dagger
 v - a +0 dagger of venom (weapon)
 y - a +3 dire flail
Missiles
 b - 130 stones (quivered)
 n - 3 throwing nets
Armour
 w - a +2 robe of magic resistance (worn)
 B - a cursed +0 robe
Jewellery
 h - an amulet of the gourmand (around neck)
 o - a ring of wizardry (left hand)
 A - a cursed ring of attention (right hand)
Wands
 C - a wand of polymorph (7)
Scrolls
 f - 3 scrolls of fear
 g - a scroll of teleportation
 l - a scroll of enchant armour
 r - a scroll of magic mapping
Potions
 e - 5 potions of heal wounds
 i - a potion of lignification
 j - 4 potions of curing
 m - 3 potions of berserk rage
 p - 3 potions of flight
 q - 2 potions of stabbing
 s - 2 potions of haste
 t - 2 potions of might
 u - 2 potions of resistance
 z - a potion of cancellation {unknown}
Comestibles
 d - 19 rations


   Skills:
 + Level 4.7 Fighting
 + Level 4.3 Maces & Flails
 + Level 4.6 Armour
 + Level 4.1 Dodging
 - Level 2.1 Stealth
 + Level 6.2 Spellcasting
 + Level 6.3 Conjurations
   Level 0.7 Transmutations
 + Level 8.5 Earth Magic


You had 12 spell levels left.
You knew the following spells:

 Your Spells              Type           Power        Failure   Level  Hunger
a - Sandblast             Erth           #####.       1%          1    None
b - Stone Arrow           Conj/Erth      ####..       1%          3    ##.....
c - Lee's Rapid Deconstr  Erth           #####.....   4%          5    #####..

Your spell library contained the following spells:

 Spells                   Type           Power        Failure   Level  Hunger
 Frozen Ramparts          Ice            #.....       14%         3    ##.....
 Magic Dart               Conj           ####         1%          1    None
 Passwall                 Tmut/Erth      ###.....     1%          2    None
 Animate Skeleton         Necr           N/A          4%          1    None
 Apportation              Tloc           #.....       4%          1    None
 Corona                   Hex            #......      4%          1    None
 Pain                     Necr           #...         4%          1    None
 Summon Small Mammal      Summ           #...         4%          1    None
 Conjure Flame            Conj/Fire      ###.....     4%          3    ##.....
 Mephitic Cloud           Conj/Pois/Air  ##......     6%          3    ##.....
 Petrify                  Tmut/Erth      ###.....     7%          4    ####...
 Blink                    Tloc           N/A          8%          2    None
 Call Imp                 Summ           #.......     8%          2    None
 Slow                     Hex            #.......     8%          2    None
 Vampiric Draining        Necr           #.........   14%         3    ##.....
 Animate Dead             Necr           N/A          41%         4    ####...
 Agony                    Necr           #.......     75%         5    #####..


Dungeon Overview and Level Annotations

Branches:
Dungeon (7/15)             Temple (1/1) D:4           Sewer (visited)

Altars:
Cheibriados
Fedhas
Gozag
Hepliaklqana
Kikubaaqudgha
Makhleb
Nemelex Xobeh
Okawaru
Qazlal
Ru
Sif Muna
Uskayaw
Vehumet
Wu Jian
Xom
Yredelemnul
Zin

Shops:
D:4 **[%*

Annotations:
D:3 1 runed translucent door, Zajic's ghost, amateur MiBe
D:5 3 runed translucent doors, Piu's ghost, novice OgSk


Innate Abilities, Weirdness & Mutations

You are resistant to torment.
Your stone body is resilient. (AC +7)
You are immune to poison.
You resist negative energy. (rN+)
You are resistant to electric shocks. (rElec)
You can survive without breathing.
You are immune to petrification.
You are immune to rotting.
You have large cloven feet.
Your movements are slightly less encumbered by armour. (ER -2)


Message History

Reactivating autopickup.
You feel a bit more experienced.
You enter the shallow water.
Moving in this stuff is going to be slow.
You see here an arrow.
Things that are here:
a +2 shortbow of freezing; 13 arrows; a sky beast corpse
Things that are here:
a +0 shortbow; 7 arrows A centaur comes into view.
It is carrying a wand of acid (8).
The centaur shouts!
The centaur wields a +0 shortbow.
The centaur shoots an arrow.
The arrow closely misses you.
The centaur zaps a wand.
The bolt of acid hits you! The acid corrodes you!
You are splashed with acid!
The centaur shoots an arrow.
The arrow hits you.
The centaur zaps a wand.
The bolt of acid hits you!!
* * * LOW HITPOINT WARNING * * *
The acid corrodes you!
You are splashed with acid!
You die...

#. .#. #........
.. #.. #.##.####
##. #.######.##.#
...+##...))(....(#
#...#..#########
#....(.####
#....#.......
#.....#######
#.@.#.#
'.....'##..#
#.#c..# .## #.....
#.. .#... #..
..... .# #... ##
..#.


You could see a centaur.

Vanquished Creatures
  The ghost of Conn the Magician, a novice OpWz of Sif Muna (D:6)
  A hippogriff (D:7)
  Sigmund (D:3)
  2 sky beasts (D:7)
  An ice beast (D:3)
  A black bear (D:7)
  A phantom (D:5)
  An ogre (D:7)
  3 centaurs
  4 big kobolds (Sewer)
  Blork the orc (D:6)
  A wyvern zombie (D:6)
  3 bullfrogs
  A scorpion (D:6)
  5 wights (D:6)
  3 howler monkeys
  4 crimson imps
  A quasit (D:7)
  A bullfrog zombie (D:7)
  3 jellies
  3 orc priests
  3 hounds
  Natasha (twice) (D:3)
  3 orc wizards
  8 worker ants
  A hound zombie (D:5)
  5 river rats
  11 adders
  7 gnolls (D:3)
  A shadow imp (D:5)
  5 oozes
  8 worms
  4 dart slugs (D:1)
  6 leopard geckos
  16 orcs
  9 bats
  6 giant cockroaches
  7 goblins
  6 hobgoblins
  7 jackals
  5 quokkas
  4 ball pythons
  6 frilled lizards
  A jackal skeleton (D:4)
  6 kobolds
  A leopard gecko skeleton (D:5)
  A quokka skeleton (D:5)
  A quokka zombie (D:2)
  17 rats
199 creatures vanquished.

Notes
Turn   | Place    | Note
-------+----------+-------------------------------------------
     0 | D:1      | Ganelos the Gargoyle Earth Elementalist began the quest for
                  | the Orb.
     0 | D:1      | Reached XP level 1. HP: 10/10 MP: 3/3
    57 | D:1      | Reached XP level 2. HP: 5/15 MP: 0/5
    91 | D:1      | Reached skill level 4 in Earth Magic
   516 | D:1      | Reached XP level 3. HP: 13/19 MP: 6/6
  1946 | D:2      | Reached XP level 4. HP: 22/24 MP: 8/8
  2234 | D:2      | Learned a level 3 spell: Stone Arrow
  2253 | D:2      | Reached skill level 5 in Earth Magic
  2285 | D:2      | Reached skill level 1 in Conjurations
  2363 | D:3      | Reached XP level 5. HP: 25/28 MP: 6/10
  2506 | D:3      | Gained mutation: You have a pair of small horns on your
                  | head. [potion of mutation]
  2506 | D:3      | Gained mutation: You have large cloven feet. [potion of
                  | mutation]
  2507 | D:3      | Lost mutation: You have a pair of small horns on your head.
                  | [potion of mutation]
  2507 | D:3      | Lost mutation: You have large cloven feet. [potion of
                  | mutation]
  2507 | D:3      | Gained mutation: You have large cloven feet. [potion of
                  | mutation]
  2507 | D:3      | Gained mutation: Your movements are slightly less
                  | encumbered by armour. (ER -2) [potion of mutation]
  2514 | D:3      | Noticed Sigmund
  2518 | D:3      | Killed Sigmund
  2518 | D:3      | Reached XP level 6. HP: 18/32 MP: 6/12
  2665 | D:3      | Noticed an ice beast
  2668 | D:3      | Killed an ice beast
  2668 | D:3      | Reached skill level 6 in Earth Magic
  2687 | D:3      | Found a stormy altar of Qazlal.
  2946 | D:3      | Reached XP level 7. HP: 36/36 MP: 10/13
  3166 | D:3      | Noticed Zajic's ghost (amateur MiBe)
  3206 | D:3      | Found a runed translucent door.
  3293 | D:3      | Noticed Natasha
  3297 | D:3      | Killed Natasha
  3440 | D:3      | Noticed Natasha
  3442 | D:3      | Killed Natasha
  3666 | D:4      | Found Naczeta's General Store.
  3671 | D:4      | Bought a scroll of teleportation for 42 gold pieces
  3704 | D:4      | Found a burning altar of Makhleb.
  3721 | D:4      | Found Xaewk's Armour Boutique.
  3733 | D:4      | Found Qibiguuw's Assorted Antiques.
  3743 | D:4      | Bought a scroll labeled ZEACRI FALUO for 28 gold pieces
  3743 | D:4      | Bought a scroll labeled EVERAB SESIPP for 28 gold pieces
  3743 | D:4      | Bought a scroll labeled VEHIX SAEF IHO for 28 gold pieces
  3769 | D:4      | Found Hiusofij's Assorted Antiques.
  3778 | D:4      | Bought a scroll labeled WATHEN BILAS for 29 gold pieces
  3796 | D:4      | Found a hazy altar of Hepliaklqana.
  3799 | D:4      | Found a staircase to the Ecumenical Temple.
  3819 | Temple   | Entered the Ecumenical Temple
  3873 | Temple   | Became a worshipper of Vehumet
  3959 | D:4      | You fall into a shaft and drop 1 floor!
  3959 | D:5      | Entered Level 5 of the Dungeon
  4107 | D:4      | Found a glowing drain.
  4113 | Sewer    | Entered a sewer
  4290 | Sewer    | Reached skill level 1 in Fighting
  4408 | Sewer    | Reached skill level 1 in Armour
  4522 | Sewer    | Reached skill level 1 in Maces & Flails
  4542 | Sewer    | Reached * piety under Vehumet
  4542 | Sewer    | Offered knowledge of Freeze by Vehumet.
  4568 | Sewer    | Learned a level 5 spell: Lee's Rapid Deconstruction
  4666 | Sewer    | Reached XP level 8. HP: 34/43 MP: 15/15
  4819 | Sewer    | Reached skill level 5 in Spellcasting
  4819 | Sewer    | Reached skill level 7 in Earth Magic
  5330 | D:4      | Found Bahem's Food Shoppe.
  5417 | D:4      | Bought a pink potion for 26 gold pieces
  5451 | D:5      | Found a runed translucent gate.
  5456 | D:5      | Found a runed translucent gate.
  5485 | D:5      | Noticed Piu's ghost (novice OgSk)
  5493 | D:5      | Found a runed translucent gate.
  5645 | D:5      | Found a snail-covered altar of Cheibriados.
  5654 | D:5      | Offered knowledge of Foxfire by Vehumet.
  6082 | D:5      | Found a hide-covered altar of Uskayaw.
  6170 | D:4      | Bought a ruby potion for 26 gold pieces
  6184 | D:4      | Bought a silvery potion for 25 gold pieces
  6251 | D:6      | Reached ** piety under Vehumet
  6279 | D:6      | Reached skill level 5 in Conjurations
  6349 | D:6      | Reached XP level 9. HP: 30/50 MP: 12/17
  6351 | D:6      | Found a sacrificial altar of Ru.
  6351 | D:6      | Found an opulent altar of Gozag.
  6354 | D:6      | Found a basalt altar of Yredelemnul.
  6578 | D:6      | Found a runed translucent gate.
  6579 | D:6      | Found a runed translucent gate.
  6579 | D:6      | Noticed Conn's ghost (novice OpWz)
  6580 | D:6      | Found a runed translucent gate.
  6583 | D:6      | Noticed Blork the orc
  6591 | D:6      | Killed Blork the orc
  7143 | D:6      | Killed Conn's ghost
  7143 | D:6      | Reached skill level 8 in Earth Magic
  7626 | D:7      | Offered knowledge of Frozen Ramparts by Vehumet.
  7628 | D:7      | Reached XP level 10. HP: 40/58 MP: 5/19
  7718 | D:7      | Splashed by a centaur's acid

Levels and vault maps discovered:
D:1:      tarquinn_simple_flora_water_a, layout_loops_ring
D:2:      layout_loops_ring, first_ration
D:3:      layout_basic, lemuel_round_altar, hellmonk_ghost_happy_afterlife,
          uniq_natasha, uniq_sigmund
D:4:      layout_rooms, makhleb_heckhound_becter, overflow_temple_1_default,
          minmay_temple_entry_stoned_glass, gup_sewer_entry_spiral,
          serial_shops, shop, nicolae_shop_trees, nicolae_shop_stone,
          kennysheep_mini_moat, shop_fountains, hex_intersection,
          kennysheep_potato
D:5:      layout_loops_ring, lemuel_crystal_altar, cheibriados_altar_1,
          gammafunk_ghost_split
D:6:      layout_cave_pools, grunt_temple_overflow_open, gammafunk_ghost_split,
          roderic_lattice_a, uniq_blork_the_orc
D:7:      layout_loops_ring, overflow_temple_1_default,
          overflow_temple_1_default, serial_glass, glass_columns_a,
          glass_columns_c, grunt_ogre_cave, minmay_fractal_squares_diagonal_5,
          uniq_crazy_yiuf_cottage
Temple:   kb_temple_of_zot

Skill      XL: |  1  2  3  4  5  6  7  8  9 10 |
---------------+-------------------------------+-----
Earth Magic    | 4 5 6 7 8 |  8.5
Spellcasting   | 3 4 5 6 |  6.2
Conjurations   | 1 2 3 4 5 6 |  6.3
Fighting       | 1 3 4 |  4.7
Armour         | 1 2 4 |  4.6
Dodging        | 2 3 4 |  4.1
Maces & Flails | 1 2 4 |  4.3
Stealth        | |  2.1
Transmutations | |  0.7

Action                   |  1- 3 |  4- 6 |  7- 9 | 10-12 || total
-------------------------+-------+-------+-------+-------++-------
Melee: Unarmed           |    22 |       |       |       ||    22
       Club              |   167 |    20 |       |       ||   187
       Dagger            |       |     8 |   396 |    17 ||   421
       Scythe            |       |     4 |       |       ||     4
       Kick              |       |     2 |    87 |     2 ||    91
 Cast: Sandblast         |    30 |    33 |   115 |    11 ||   189
       Stone Arrow       |       |     1 |    25 |       ||    26
       Lee's Rapid Decon |       |       |     5 |       ||     5
  Use: Scroll            |       |     9 |    15 |       ||    24
       Potion            |       |     2 |       |       ||     2
 Stab: Sleeping          |     1 |     1 |     1 |       ||     3
       Distracted        |     1 |       |       |       ||     1
  Eat: Chunk             |    15 |     3 |    19 |       ||    37
Armor: Robe              |    98 |    20 |   126 |    17 ||   261
Dodge: Dodged            |   198 |    42 |   248 |     8 ||   496

Table legend:
 A = Non-vault XP
 B = Vault XP
 C = Vault XP percentage of total XP
 D = Non-vault monster count
 E = Vault monster count
 F = Vault count percentage of total count
                 A         B        C        D         E       F
            +---------+---------+-------+---------+---------+-------
      Total |    2984 |    2213 |  42.6 |     144 |      55 |  27.6
            +---------+---------+-------+---------+---------+-------
        D:1 |      66 |       0 |   0.0 |      35 |       0 |   0.0
        D:2 |      84 |       0 |   0.0 |      20 |       0 |   0.0
        D:3 |     403 |     247 |  38.0 |      30 |       2 |   6.2
        D:4 |      62 |      99 |  61.5 |       9 |      10 |  52.6
        D:5 |     407 |       0 |   0.0 |      14 |       0 |   0.0
        D:6 |     986 |     749 |  43.2 |      23 |       6 |  20.7
        D:7 |     976 |     574 |  37.0 |      13 |       9 |  40.9
      Sewer |       0 |     544 | 100.0 |       0 |      28 | 100.0
            +---------+---------+-------+---------+---------+-------
